 Dungeon Crawl Stone Soup version 0.24.0-7-gb3623d2c88 (webtiles) character file.

Game seed: 1281635907885745135, levelgen mode: deterministic

417 Arixos the Sneak (level 6, 0/37 HPs)
             Began as a Deep Elf Assassin on Nov 2, 2019.
             Slain by an orc warrior
             ... wielding a +0 short sword of venom
              (8 damage)
             ... on level 7 of the Dungeon.
             The game lasted 00:15:51 (5347 turns).

Arixos the Sneak (Deep Elf Assassin)                Turns: 5347, Time: 00:15:51

Health: 0/37       AC: 10    Str:  3    XL:     6   Next: 61%
Magic:  14/14      EV: 12    Int: 18    God:
Gold:   164        SH:  0    Dex: 18    Spells: 13/13 levels left

rFire    . . .     SeeInvis .   a - +2 dagger
rCold    . . .     Gourm    .   (no shield)
rNeg     . . .     Faith    .   p - +0 ring mail
rPois    .         Spirit   .   x - +0 helmet of the Nightingale {MR++ Str-5 Slay+6}
rElec    +         Reflect  .   c - +0 cloak
rCorr    .         Harm     .   (no gloves)
MR       ++...                  u - +0 pair of boots
Stlth    +++.......             (no amulet)
HPRegen  0.12/turn              s - +2 ring of dexterity
MPRegen  0.14/turn              z - ring of flight

@: lethally poisoned (0 -> -13), lightly drained
A: thin metallic scales 1, blink, electricity resistance, sturdy frame 1
a: Blink, Evoke Flight


You were on level 7 of the Dungeon.
You were hungry.

You visited 2 branches of the dungeon, and saw 8 of its levels.

You collected 164 gold pieces.

Inventory:

Hand Weapons
 a - a +2 dagger (weapon)
Missiles
 y - a curare-tipped dart (quivered)
Armour
 c - a +0 cloak (worn)
 p - a +0 ring mail (worn)
 u - a +0 pair of boots (worn)
 x - the +0 helmet of the Nightingale (worn) {MR++ Str-5 Slay+6}
   (You found it on level 5 of the Dungeon)

   It affects your strength (-5).
   It affects your accuracy and damage with ranged weapons and melee attacks
   (+6).
   It affects your resistance to hostile enchantments.
Jewellery
 s - a +2 ring of dexterity (left hand)
 z - a ring of flight (right hand)
Wands
 e - a wand of iceblast (9)
Scrolls
 b - 2 scrolls of identify {unknown}
 g - 3 scrolls of teleportation {unknown}
 h - a scroll of amnesia {unknown}
 j - 2 scrolls of blinking {unknown}
 m - a scroll of magic mapping {unknown}
 o - a scroll of immolation {unknown}
 q - a scroll of noise {unknown}
 r - a scroll of remove curse {unknown}
 w - a scroll of enchant armour {unknown}
Potions
 i - 2 potions of curing
 k - a potion of heal wounds {unknown}
 l - a potion of resistance {unknown}
 n - a potion of might {unknown}
 t - a potion of degeneration {unknown}
 v - a potion of mutation
Comestibles
 f - 9 rations


   Skills:
 + Level 3.3(3.2) Fighting
 - Level 2.0(1.9) Short Blades
 - Level 2.0(1.9) Throwing
 + Level 2.1(2.0) Armour
 + Level 4.3 Dodging
 - Level 4.8(4.7) Stealth
 + Level 4.4(4.3) Spellcasting


You had 13 spell levels left.
You didn't know any spells.
Your spell library was empty.

Dungeon Overview and Level Annotations

Branches:
Dungeon (7/15)             Temple (1/1) D:7

Altars:
Ashenzari
Dithmenos
Elyvilon
Fedhas
Gozag
Hepliaklqana
Kikubaaqudgha
Makhleb
Nemelex Xobeh
Okawaru
Ru
Sif Muna
Trog
Wu Jian
Xom
Yredelemnul
The Shining One

Annotations:
D:2 1 runed translucent door, Crazy Yiuf
D:3 Grinder, Sigmund


Innate Abilities, Weirdness & Mutations

You are partially covered in thin metallic scales. (AC +2)
You can translocate small distances at will.
You are resistant to electric shocks. (rElec)
Your movements are slightly less encumbered by armour. (ER -2)


Message History

You hit the orc warrior.
The orc warrior is lightly wounded.
You feel sick. The bullfrog hits you.
* * * LOW HITPOINT WARNING * * *
The bullfrog closely misses you.
* * * LOW HITPOINT WARNING * * *
You feel sick.
It was a potion of curing.
You feel better.
The orc warrior hits you with a +0 short sword of venom!
* * * LOW HITPOINT WARNING * * *
You are lethally poisoned!
It was a potion of mutation.
You feel extremely strange.
Thin metallic scales grow over part of your body.
You feel insulated.
You feel less encumbered by your armour.
You feel jittery.
* * * LOW HITPOINT WARNING * * *
You feel sick.
The orc warrior hits you with a +0 short sword of venom!
You die...

..................
..####.##...#....##
...###......#.##...
##...#.#.##.......##.
####...#....##..#... #
..........#.....#.##.#
........#.#.##......
........#......##.#
..........##.>Fo@.#
#..#...##.....)##......#
#..#......#.##....##...#
.......##.#. .(##.. ..#
.....<.......#.. ..# #
...#...##.##.#..##.#
..####.... . .... .. .##
...... ./##.## .# ...


You could see an orc warrior and a bullfrog.

Vanquished Creatures
  A bullfrog (D:6)
  A scorpion (D:7)
  A hound (D:6)
  Jessica (D:2)
  Terence (D:2)
  A worker ant (D:4)
  Natasha (twice) (D:3)
  An orc wizard (D:4)
  4 adders
  3 oozes
  An adder skeleton (D:7)
  2 worms (D:3)
  A dart slug (D:3)
  A leopard gecko (D:2)
  9 orcs
  4 bats (D:1)
  4 giant cockroaches
  2 goblins (D:1)
  7 hobgoblins
  2 jackals (D:6)
  6 kobolds
  A ball python (D:2)
  7 frilled lizards
  5 rats (D:1)
68 creatures vanquished.

Notes
Turn   | Place    | Note
-------+----------+-------------------------------------------
     0 | D:1      | Arixos the Deep Elf Assassin began the quest for the Orb.
     0 | D:1      | Reached XP level 1. HP: 12/12 MP: 3/3
   316 | D:1      | Reached skill level 1 in Spellcasting
   320 | D:1      | Reached XP level 2. HP: 15/17 MP: 5/5
  1126 | D:1      | Reached XP level 3. HP: 15/21 MP: 7/7
  1559 | D:2      | Noticed Jessica
  1568 | D:2      | Killed Jessica
  1568 | D:2      | Reached XP level 4. HP: 22/27 MP: 8/10
  1698 | D:2      | Noticed a sky beast
  2025 | D:2      | Noticed Terence
  2036 | D:2      | Killed Terence
  2218 | D:2      | Found an opulent altar of Gozag.
  2402 | D:2      | Found a runed translucent door.
  2403 | D:2      | Noticed Crazy Yiuf
  2579 | D:2      | Found a glowing golden altar of the Shining One.
  2911 | D:3      | Found a shimmering blue altar of Sif Muna.
  3067 | D:3      | Found a basalt altar of Yredelemnul.
  3098 | D:3      | Reached XP level 5. HP: 25/31 MP: 11/11
  3124 | D:3      | Noticed Grinder
  3137 | D:3      | Noticed Sigmund
  3148 | D:3      | Paralysed by Grinder for 3 turns
  3255 | D:4      | Reached skill level 1 in Armour
  3508 | D:4      | Noticed an ogre
  3777 | D:4      | Noticed a phantom
  3813 | D:4      | Noticed an ogre
  3913 | D:3      | Noticed Natasha
  3926 | D:3      | Killed Natasha
  4213 | D:3      | Noticed Natasha
  4221 | D:3      | Killed Natasha
  4221 | D:3      | Reached XP level 6. HP: 37/37 MP: 13/13
  4381 | D:5      | Entered Level 5 of the Dungeon
  4422 | D:5      | Got a shimmering helmet
  4719 | D:6      | Found a white marble altar of Elyvilon.
  4805 | D:6      | Noticed a sky beast
  4890 | D:7      | Identified the +0 helmet of the Nightingale {MR++ Str-5
                  | Slay+6} (You found it on level 5 of the Dungeon)
  4971 | D:7      | Found a staircase to the Ecumenical Temple.
  4975 | D:7      | Noticed an orc warrior
  4985 | Temple   | Entered the Ecumenical Temple
  5347 | D:7      | Gained mutation: You are partially covered in thin metallic
                  | scales. (AC +2) [potion of mutation]
  5347 | D:7      | Gained mutation: You are resistant to electric shocks.
                  | (rElec) [potion of mutation]
  5347 | D:7      | Gained mutation: Your movements are slightly less
                  | encumbered by armour. (ER -2) [potion of mutation]
  5347 | D:7      | Gained mutation: You can translocate small distances at
                  | will. [potion of mutation]
  5347 | D:7      | Slain by an orc warrior

Levels and vault maps discovered:
D:1:      grunt_arrival_lava_bath, layout_basic, chequers_serial_rivers_room_a
D:2:      layout_loops_corners, tso_altar, grunt_gozag_statues, first_ration,
          serial_park_tiny_pond, uniq_crazy_yiuf_cottage, uniq_terence,
          uniq_jessica
D:3:      layout_rooms, old_standard_altar, kennysheep_slug_shrine,
          yredelemnul_altar_generic, uniq_grinder, uniq_sigmund, uniq_natasha
D:4:      layout_loops_ring, nicolae_qazlal_eye_of_the_storm
D:5:      layout_rooms, serial_shops, nicolae_shop_crystal
D:6:      layout_gridville, lemuel_doored_altar, zin_purify, marbit_many_paths,
          eat_drink_and_be_merry_uskayaw
D:7:      layout_rooms, minmay_temple_entry_ruins
Temple:   minmay_temple_forest_path

Skill      XL: |  1  2  3  4  5  6 |
---------------+-------------------+-----
Spellcasting   | 1 2 3 4 |  4.4
Fighting       | 2 3 |  3.3
Dodging        | 2 3 4 |  4.3
Armour         | 1 2 |  2.1
Short Blades   | |  2.0
Throwing       | |  2.0
Stealth        | |  4.8

Action                   |  1- 3 |  4- 6 || total
-------------------------+-------+-------++-------
Melee: Dagger            |    79 |   169 ||   248
Throw: Dart              |    31 |    78 ||   109
  Use: Potion            |       |     2 ||     2
 Stab: Sleeping          |       |     1 ||     1
  Eat: Chunk             |     2 |    11 ||    13
Armor: Robe              |    22 |       ||    22
       Ring mail         |     1 |    80 ||    81
Dodge: Dodged            |    40 |   128 ||   168
